 Dungeon Crawl Stone Soup version 0.21.1-68-g103a7af (webtiles) character file.

550063 toffzen the Ruinous (level 25, -3/164 HPs)
             Began as a Deep Elf Fire Elementalist on July 26, 2018.
             Was the Champion of Vehumet.
             Slain by a death cob (20 damage)
             ... on level 2 of the Realm of Zot on Aug 2, 2018.
             The game lasted 05:50:22 (90178 turns).

toffzen the Ruinous (Deep Elf Fire Elementalist)   Turns: 90178, Time: 05:50:23

Health: -3/164     AC:  8    Str:  3    XL:     25   Next: 2%
Magic:  26/57      EV: 28    Int: 33    God:    Vehumet [******]
Gold:   5683       SH:  8    Dex: 15    Spells: 2/62 levels left

rFire    + + +     SeeInvis +   a - staff of energy
rCold    + . .     Gourm    +   m - +3 buckler {rF+}
rNeg     . . .     Faith    .   J - +2 robe {MR+}
rPois    .         Spirit   .   (no helmet)
rElec    .         Reflect  .   e - +2 cloak
rCorr    .         Harm     .   i - +2 pair of gloves
MR       ++++.                  Q - +2 pair of boots
Stlth    +++.......             q - amulet of the gourmand
HPRegen  0.37/turn              C - ring "Dyest" {rF- rC+ MR+ SInv Stlth+}
MPRegen  0.35/turn              H - ring "Mitwipta" {rF+++ MP+9}

@: lethally poisoned (-3 -> -7), corroded, slowed, studying Fighting, very slow
A: deformed body, weak 1
}: 3/15 runes: serpentine, barnacled, slimy
a: Renounce Religion


You were on level 2 of the Realm of Zot.
You worshipped Vehumet.
Vehumet was exalted by your worship.
You were not hungry.

You visited 11 branches of the dungeon, and saw 50 of its levels.

You collected 5951 gold pieces.
You spent 268 gold pieces at shops.

Inventory:

Hand Weapons
 b - the +10 morningstar "Eos" {elec, Halo rElec}
   (You took it off a centaur warrior on level 8 of the Dungeon)

   Occasionally, upon striking a foe, it will discharge some electrical energy
   and cause terrible harm.
   It insulates you from electricity.
Missiles
 f - 1425 stones (quivered)
 u - 6 throwing nets
Armour
 e - a +2 cloak (worn)
 i - a +2 pair of gloves (worn)
 m - a +3 buckler of fire resistance (worn)
 J - a +2 robe of magic resistance (worn)
 Q - a +2 pair of boots (worn)
Magical Staves
 a - an uncursed staff of energy (weapon)
 I - an uncursed staff of conjuration
Jewellery
 q - an amulet of the gourmand (around neck)
 C - the ring "Dyest" (left hand) {rF- rC+ MR+ SInv Stlth+}
   (You took it off an orc wizard on level 8 of the Dungeon)

   [ring of stealth]

   It makes you vulnerable to fire.
   It protects you from cold.
   It affects your resistance to hostile enchantments.
   It lets you see invisible.
   It makes you more stealthy.
 H - the ring "Mitwipta" (right hand) {rF+++ MP+9}
   (You found it on level 3 of the Lair of Beasts)

   [ring of magical power]

   It renders you almost immune to fire.
   It affects your magic capacity (+9).
 S - an uncursed ring of resist corrosion
 W - the ring of Wosewem {Wiz rPois Int+2 SInv}
   (You found it on level 4 of the Shoals)

   [ring of wizardry]

   It improves your spell success rate.
   It affects your intelligence (+2).
   It protects you from poison.
   It lets you see invisible.
Wands
 s - a wand of paralysis (47)
 O - a wand of digging (37)
 U - a wand of iceblast (51)
 V - a wand of acid (19)
Scrolls
 g - 2 scrolls of silence
 k - 19 scrolls of remove curse
 p - 3 scrolls of immolation
 y - 4 scrolls of identify
 A - 18 scrolls of teleportation
 B - 2 scrolls of amnesia
 D - 3 scrolls of enchant armour
 E - 3 scrolls of fear
 F - 2 scrolls of blinking
 K - 11 scrolls of fog
 N - 2 scrolls of magic mapping
 R - 6 scrolls of summoning
 T - 2 scrolls of holy word
 X - 7 scrolls of vulnerability
 Z - 3 scrolls of acquirement
Potions
 d - 4 potions of cancellation
 h - 4 potions of magic
 l - 4 potions of ambrosia
 n - 5 potions of brilliance
 r - 3 potions of mutation
 t - 13 potions of curing
 v - 2 potions of haste
 w - 7 potions of agility
 z - 7 potions of flight
 Y - 4 potions of invisibility
Books
 j - a manual of Fighting
 o - a book of the Earth

   Spells                             Type                      Level
   a - Leda's Liquefaction            Hexes/Earth                  4
   b - Bolt of Magma                  Conjuration/Fire/Earth       5
   c - Statue Form                    Transmutation/Earth          6
   d - Iron Shot                      Conjuration/Earth            6
   e - Shatter                        Earth                        9
Miscellaneous
 x - a box of beasts
 G - 2 sacks of spiders
 M - a lightning rod (4/4)
Comestibles
 c - 28 rations
 L - 6 chunks of flesh


   Skills:
 * Level 18.5 Fighting
 + Level 22.0 Dodging
 - Level 2.4 Stealth
 - Level 4.0 Shields
 - Level 19.0 Spellcasting
 + Level 22.1 Conjurations
 - Level 6.0 Charms
 - Level 18.3 Fire Magic
 * Level 16.0 Earth Magic
   Level 4.0 Poison Magic


You had 2 spell levels left.
You knew the following spells:

 Your Spells              Type           Power        Failure   Level  Hunger
a - Flame Tongue          Conj/Fire      #####        0%          1    None
b - Throw Flame           Conj/Fire      ######       0%          2    None
c - Conjure Flame         Conj/Fire      ########     0%          3    None
d - Sticky Flame          Conj/Fire      ########     0%          4    None
e - Fireball              Conj/Fire      ########..   0%          5    None
f - Throw Frost           Conj/Ice       ######       0%          2    None
g - Bolt of Fire          Conj/Fire      ########..   1%          6    None
h - Iskenderun's Battles  Conj/Chrm      #######.     1%          5    None
i - Lehudib's Crystal Sp  Conj/Erth      ########..   1%          8    None
j - Iron Shot             Conj/Erth      ########..   1%          6    None
k - Orb of Destruction    Conj           ########..   1%          7    None
l - Ignition              Fire           ########..   1%          8    None
m - Apportation           Tloc           ####..       1%          1    None
n - Passwall              Tmut/Erth      ######....   1%          2    None


Dungeon Overview and Level Annotations

Branches:
Dungeon (15/15)            Temple (1/1) D:7            Lair (6/6) D:11
 Shoals (4/4) Lair:2        Snake (4/4) Lair:2        Slime (5/5) Lair:5
    Orc (2/2) D:10            Elf (2/3) Orc:2        Vaults (4/5) D:14
  Crypt (0/3) Vaults:2     Depths (5/5) D:15            Zot (2/5) Depths:5

Altars:
Ashenzari
Cheibriados
Dithmenos
Elyvilon
Fedhas
Gozag
Hepliaklqana
Kikubaaqudgha
Makhleb
Nemelex Xobeh
Okawaru
Qazlal
Ru
Sif Muna
Trog
Uskayaw
Vehumet
Wu Jian
Xom
Yredelemnul
The Shining One
Beogh

Shops:
D:5 (   Orc:2 %*%!%   Vaults:4 :*(   Depths:2 }=}

Portals:
Hell: Depths:1 Depths:2 Depths:3 Depths:4 Depths:5
Abyss: Depths:4
Pandemonium: Depths:2 Depths:3
Ziggurat: Depths:1
Trove: D:15 (give rapier "Eminla")

Annotations:
D:3 1 runed door, Labyrinth's ghost, amateur DrFE
Snake:2 3 runed doors
Snake:3 Vashnia


Innate Abilities, Weirdness & Mutations

Armour fits poorly on your strangely shaped body.
You are weak. (Str -2)


Message History

Press: ? - help, Shift-Dir - straight line, f/p - storm dragon
Aim: a storm dragon (almost dead, catching its breath, covered in acid, summoned)
The wavering orb of destruction weakly hits the storm dragon.
You blow up the storm dragon!
The storm dragon's corpse dissolves into shadows!
You are engulfed in blazing flames.
You resist.
* * * LOW HITPOINT WARNING * * *
You feel sick. The red devil barely misses you.
Unknown command.
You feel sick.
You feel sick.
The death cob misses you. x2; The death cob hits you.
* * * LOW HITPOINT WARNING * * *
The death cob drains your vigour!
You feel yourself slow down.
There is a stone staircase leading up, spattered with blood here.
You feel sick. The death cob hits you.
* * * LOW HITPOINT WARNING * * *
The death cob drains your vigour!
You feel as though you will be slow longer.
The death cob hits you!!
You die...

#..# #...# #..#
#...# #..##
#...## #...##
#...########
##...##
##..........
#..^).##
##.........
#...#.).##
#########<
#...###4..## #)
#...# ##ยง@.## #)
....# ##z..## #)
...# ##.).## #)
#..
##...###########.
##
##..............
##....)........
########..####
#..# #..#


You could see a death cob and a red devil.

Vanquished Creatures
  the Royal Jelly (Slime:5)
  Mennas (Depths:5)
  Boris (Depths:5)
  Frederick (Depths:5)
  Saint Roka (Depths:1)
  4 caustic shrikes
  Nikola (Vaults:1)
  Jory (Depths:5)
  2 golden dragons
  A bone dragon (Depths:5)
  An electric golem (Zot:1)
  Jorgrun (Depths:5)
  3 tentacled monstrosities
  2 titans
  Polyphemus (Shoals:2)
  4 liches
  3 quicksilver dragons
  20 acid blobs
  A death cob (Zot:1)
  2 sphinxes
  A storm dragon (Depths:4)
  3 shadow dragons
  An azure jelly (shapeshifter) (D:15)
  A tengu reaver (Depths:1)
  Donald (Elf:2)
  Ilsuiw (Shoals:4)
  16 nagarajas
  9 frost giants
  4 draconian monks
  3 deep elf sorcerers
  14 azure jellies
  Roxanne (Shoals:1)
  2 iron dragons
  2 draconian knights (Zot:1)
  9 fire giants
  7 vault wardens
  2 balrugs
  Aizul (Snake:2)
  3 draconian shifters (Zot:1)
  4 draconian stormcallers (Depths:5)
  2 ghost moths
  Louise (Snake:2)
  18 stone giants
  6 ironheart preservers
  27 very ugly things
  2 spriggan defenders
  A war gargoyle (Vaults:4)
  2 vampire knights
  A caustic shrike skeleton (Depths:4)
  2 draconian annihilators (Zot:1)
  2 black draconians (Zot:1)
  5 purple draconians
  5 yellow draconians
  2 deep elf demonologists
  6 red draconians
  6 green draconians
  The ghost of Theowulf the Covert, a journeyman MfWn of Makhleb (Lair:5)
  11 spark wasps
  3 white draconians
  2 deep elf death magi
  7 merfolk javelineers
  11 ettins
  Snorg (D:11)
  8 fire dragons
  6 death oozes
  A deep elf high priest (Elf:1)
  10 yaktaur captains
  2 jiangshi (Depths:2)
  14 great orbs of eyes
  6 merfolk impalers
  4 rakshasas
  7 ice dragons
  17 naga warriors
  2 spriggan air magi
  4 catoblepae
  15 anacondas
  2 merfolk avatars (Shoals:4)
  7 hydras
  A two-headed ogre (shapeshifter) (D:15)
  5 vault guards
  3 death knights
  3 merfolk aquamancers (Shoals:4)
  A catoblepas (shapeshifter) (Depths:2)
  2 satyrs
  Erica (D:8)
  17 two-headed ogres
  12 centaur warriors
  22 dancing weapons
  9 ogre magi
  An anaconda (shapeshifter) (Depths:3)
  10 tengu warriors
  4 vampire magi
  12 death yaks
  15 deep troll shamans
  13 naga sharpshooters
  8 deep troll earth magi
  5 shock serpents
  An orc high priest (Orc:1)
  2 sun demons (Depths:2)
  3 spriggan berserkers
  Sonja (D:11)
  13 deep elf knights
  3 hell knights (Depths:5)
  A shock serpent (shapeshifter) (D:15)
  22 sea snakes
  2 unseen horrors (D:12)
  3 salamander mystics
  4 iron trolls
  A sea snake (shapeshifter) (Vaults:3)
  7 skeletal warriors
  17 deep trolls
  10 naga ritualists
  A shadow wraith (Vaults:3)
  5 wizards
  A swamp dragon (shapeshifter) (Elf:1)
  3 glowing orange brains
  2 glowing orange brains (shapeshifter) (Depths:5)
  4 flayed ghosts
  9 deep elf archers
  9 ironbrand convokers
  A shadow dragon zombie (Depths:4)
  3 phantasmal warriors
  6 orc knights
  8 harpies (Shoals:2)
  7 necromancers
  11 mana vipers
  4 shining eyes
  5 wolf spiders
  7 orc sorcerers
  46 deep elf magi
  A tengu skeleton (Vaults:4)
  5 cyclopes
  2 orb spiders (shapeshifter)
  11 manticores
  81 ugly things
  A moth of wrath (Zot:1)
  5 fauns
  A human zombie (Vaults:4)
  4 oklob plants (Lair:5)
  13 salamanders
  A torpor snail (Lair:6)
  A fire giant zombie (Depths:4)
  40 black mambas
  13 naga magi
  Maurice (D:12)
  4 vault sentinels
  12 guardian serpents
  11 merfolk sirens
  13 elephants
  7 water nymphs
  A storm dragon simulacrum (Vaults:4)
  A frost giant skeleton (Depths:3)
  7 spiny frogs
  5 spectral swamp worms (Depths:1)
  4 eyes of devastation
  An efreet (D:15)
  3 rime drakes
  A rime drake (shapeshifter) (Depths:5)
  A kobold demonologist (D:15)
  53 yaktaurs
  A spark wasp simulacrum (Depths:3)
  2 tengu conjurers
  3 freezing wraiths
  7 trolls
  5 komodo dragons
  5 polar bears
  A meliai (shapeshifter) (Vaults:3)
  19 merfolk
  A wind drake (shapeshifter) (Vaults:1)
  A red devil (Depths:4)
  A shadow dragon simulacrum (Depths:3)
  6 hornets
  117 slime creatures
  6 wind drakes
  The ghost of dscm the Shield-Bearer, an amateur OpFi (D:5)
  A blink frog (shapeshifter) (Vaults:4)
  An elf zombie (Depths:4)
  10 dream sheep
  21 blink frogs
  13 hippogriffs
  An iron dragon simulacrum (Vaults:4)
  7 snapping turtles
  A meliai zombie (D:13)
  A shadow (D:14)
  A tarantella (shapeshifter) (Depths:2)
  6 air elementals
  2 vampires
  3 spriggans
  9 water elementals
  34 yaks
  Eustachio (D:4)
  A yak (shapeshifter) (Depths:3)
  2 fire elementals (Elf:1)
  A human (shapeshifter) (Depths:5)
  A fire bat (shapeshifter) (Depths:4)
  2 wyverns (D:9)
  4 golden eyes (Slime:4)
  A basilisk (D:13)
  A golden eye (shapeshifter) (Depths:5)
  An elf skeleton (Depths:4)
  A steam dragon (D:9)
  3 wraiths
  3 hungry ghosts
  4 vampire mosquitoes
  Menkaure (D:6)
  5 wargs
  50 nagas
  A water moccasin (shapeshifter) (Depths:4)
  9 water moccasins
  3 floating eyes
  A hell hound (Depths:4)
  3 porcupines
  2 floating eyes (shapeshifter)
  34 orc warriors
  8 sky beasts
  3 ice beasts
  5 eyes of draining
  A black bear (shapeshifter) (Depths:3)
  3 phantoms
  3 black bears
  35 ogres
  16 wolves
  8 boggarts
  21 centaurs
  A big kobold (shapeshifter) (Depths:2)
  3 big kobolds
  11 crocodiles
  Blork the orc (D:5)
  16 bullfrogs
  6 earth elementals
  A human simulacrum (Vaults:3)
  4 scorpions
  A killer bee (D:8)
  5 wights (D:8)
  3 howler monkeys
  6 crimson imps
  A centaur zombie (D:5)
  2 quasits (D:5)
  A bullfrog zombie (D:8)
  15 orc priests
  5 hounds
  4 jellies
  49 orc wizards
  6 centaur skeletons
  A gnoll shaman (D:10)
  2 bullfrog skeletons
  3 iguanas
  12 worker ants
  2 hound skeletons
  A howler monkey zombie (D:7)
  2 worker ant zombies (D:6)
  11 adders
  9 gnolls
  4 shadow imps
  A white imp (D:8)
  3 oozes
  5 worms
  An adder skeleton (D:9)
  3 dart slugs
  4 leopard geckos
  137 orcs
  A ball python (D:3)
  5 giant cockroaches
  6 goblins
  2 hobgoblins (D:2)
  3 jackals (D:4)
  21 kobolds
  3 quokkas
  5 bats
  4 frilled lizards
  A quokka skeleton (D:7)
  8 rats
  3 bushes
  A fungus (Lair:3)
  15 plants
1981 creatures vanquished.

Vanquished Creatures (others)
  A slime creature (Vaults:1)
  An ogre (Depths:1)
  A boggart (Depths:1)
  9 fungi
  31 plants
  4 tentacles (Shoals:1)
47 creatures vanquished.

Grand Total: 2028 creatures vanquished

Notes
Turn   | Place    | Note
-------+----------+-------------------------------------------
     0 | D:1      | toffzen the Deep Elf Fire Elementalist began the quest for the Orb.
     0 | D:1      | Reached XP level 1. HP: 10/10 MP: 6/6
   356 | D:1      | Reached XP level 2. HP: 15/15 MP: 5/8
   363 | D:1      | Learned a level 2 spell: Throw Flame
  1287 | D:2      | Reached XP level 3. HP: 19/19 MP: 0/10
  1309 | D:2      | Learned a level 3 spell: Conjure Flame
  1704 | D:1      | Reached XP level 4. HP: 24/24 MP: 3/12
  2134 | D:2      | Learned a level 4 spell: Sticky Flame
  2462 | D:3      | Noticed Labyrinth's ghost (amateur DrFE)
  2725 | D:3      | Found a runed door.
  2820 | D:3      | Found an iron altar of Okawaru.
  2821 | D:3      | Reached XP level 5. HP: 28/28 MP: 11/13
  2822 | D:3      | Reached skill level 5 in Fire Magic
  3600 | D:4      | Reached skill level 5 in Spellcasting
  3884 | D:4      | Reached XP level 6. HP: 32/32 MP: 13/16
  3920 | D:4      | Learned a level 5 spell: Fireball
  3937 | D:4      | Found an opulent altar of Gozag.
  4230 | D:4      | Noticed Eustachio
  4242 | D:4      | Killed Eustachio
  4242 | D:4      | Reached XP level 7. HP: 36/36 MP: 0/18
  4758 | D:5      | Entered Level 5 of the Dungeon
  4767 | D:5      | Found Wehoc's Weapon Boutique.
  4807 | D:5      | Found a hide-covered altar of Uskayaw.
  4809 | D:5      | Noticed dscm's ghost (amateur OpFi)
  4824 | D:5      | Killed dscm's ghost
  4976 | D:5      | Reached skill level 5 in Conjurations
  5118 | D:5      | Reached XP level 8. HP: 35/41 MP: 12/21
  5546 | D:5      | Found a shadowy altar of Dithmenos.
  5674 | D:5      | Noticed Blork the orc
  5680 | D:5      | Killed Blork the orc
  5867 | D:5      | Found a shimmering altar of Xom.
  6320 | D:6      | Noticed Menkaure
  6325 | D:6      | Killed Menkaure
  7099 | D:6      | Found a sparkling altar of Nemelex Xobeh.
  7265 | D:6      | Reached XP level 9. HP: 45/45 MP: 19/24
  7959 | D:7      | Reached skill level 10 in Spellcasting
  8500 | D:7      | Found a staircase to the Ecumenical Temple.
  8508 | Temple   | Entered the Ecumenical Temple
  8516 | Temple   | Became a worshipper of Vehumet
  9896 | D:8      | Reached XP level 10. HP: 51/51 MP: 16/27
 10130 | D:8      | Reached skill level 1 in Fighting
 10249 | D:8      | Reached * piety under Vehumet
 10249 | D:8      | Offered knowledge of Freeze by Vehumet.
 10739 | D:8      | Found a hazy altar of Hepliaklqana.
 10743 | D:8      | Found a shattered altar of Ashenzari.
 10755 | D:8      | Found an ancient bone altar of Kikubaaqudgha.
 10856 | D:8      | Noticed Erica
 10859 | D:8      | Killed Erica
 10859 | D:8      | Reached skill level 10 in Fire Magic
 11191 | D:8      | Noticed a skeletal warrior
 11915 | D:8      | Noticed a centaur warrior
 11987 | D:8      | Got a warped brass ring
 12247 | D:8      | Identified Sif Muna's Grimoire of Congealing Contamination
 12270 | D:8      | Killed a centaur warrior
 12471 | D:8      | Noticed a centaur warrior
 12482 | D:8      | Killed a centaur warrior
 12482 | D:8      | Reached skill level 5 in Dodging
 12939 | D:9      | Identified the ring "Dyest" {rF- rC+ MR+ SInv Stlth+} (You took it off an orc wizard on level 8 of the Dungeon)
 13271 | D:9      | Found an ornate altar of the Wu Jian Council.
 13311 | D:9      | Reached XP level 11. HP: 55/60 MP: 16/29
 13611 | D:9      | Found a deep blue altar of Sif Muna.
 13752 | D:9      | Reached ** piety under Vehumet
 13753 | D:9      | Offered knowledge of Shock by Vehumet.
 13878 | D:9      | Found a roughly hewn altar of Beogh.
 13966 | D:10     | Entered Level 10 of the Dungeon
 14030 | D:10     | Reached skill level 10 in Conjurations
 14137 | D:9      | Learned a level 2 spell: Throw Frost
 14656 | D:10     | Found a stormy altar of Qazlal.
 14997 | D:10     | Found a staircase to the Orcish Mines.
 15424 | D:11     | Offered knowledge of Dazzling Spray by Vehumet.
 15539 | D:11     | Found a staircase to the Lair.
 15730 | D:11     | Noticed Snorg
 15734 | D:11     | Noticed Sonja
 15739 | D:11     | Killed Snorg
 15741 | D:11     | Killed Sonja
 16445 | D:11     | Reached *** piety under Vehumet
 16665 | D:11     | Found a shadowy altar of Dithmenos.
 17312 | Lair:1   | Entered Level 1 of the Lair of Beasts
 17559 | Lair:1   | Noticed an eight-headed hydra
 17564 | Lair:1   | Killed an eight-headed hydra
 17924 | Lair:1   | Offered knowledge of Force Lance by Vehumet.
 18194 | Lair:1   | Reached skill level 5 in Fighting
 18194 | Lair:1   | Reached XP level 12. HP: 68/68 MP: 8/31
 19119 | Lair:2   | Noticed a five-headed hydra
 19123 | Lair:2   | Killed a five-headed hydra
 19229 | Lair:2   | Noticed a seven-headed hydra
 19404 | Lair:2   | Killed a seven-headed hydra
 19982 | Lair:2   | Found a staircase to the Snake Pit.
 19984 | Lair:2   | Reached **** piety under Vehumet
 20012 | Lair:2   | Offered knowledge of Stone Arrow by Vehumet.
 20761 | Lair:2   | Found a staircase to the Shoals.
 21602 | Lair:3   | Noticed a death yak
 21616 | Lair:2   | Killed a death yak
 21734 | Lair:3   | Noticed a death yak
 21734 | Lair:3   | Noticed a death yak
 21735 | Lair:3   | Noticed a death yak
 21738 | Lair:3   | Noticed a death yak
 21739 | Lair:3   | Killed a death yak
 22008 | Lair:3   | Reached XP level 13. HP: 64/75 MP: 6/33
 22574 | Lair:3   | Got a sparkling steel ring
 22739 | Lair:3   | Identified the ring "Mitwipta" {rF+++ MP+9} (You found it on level 3 of the Lair of Beasts)
 23124 | Lair:4   | Reached skill level 10 in Dodging
 24223 | Lair:5   | Noticed Theowulf's ghost (journeyman MfWn)
 24244 | Lair:4   | Reached skill level 15 in Spellcasting
 24624 | Lair:5   | Found a basalt altar of Yredelemnul.
 25448 | Lair:5   | Killed Theowulf's ghost
 25958 | Lair:6   | Entered Level 6 of the Lair of Beasts
 26415 | Lair:6   | Reached ***** piety under Vehumet
 26427 | Lair:6   | Offered knowledge of Lee's Rapid Deconstruction by Vehumet.
 26760 | Lair:6   | Identified 2 scrolls of acquirement
 27303 | Lair:6   | Reached XP level 14. HP: 82/82 MP: 26/35
 28525 | D:12     | Noticed Maurice
 28528 | D:12     | Killed Maurice
 30782 | D:13     | Found a sparkling altar of Nemelex Xobeh.
 31914 | Orc:1    | Entered Level 1 of the Orcish Mines
 32692 | Orc:2    | Entered Level 2 of the Orcish Mines
 32692 | Orc:2    | Found Obuorama's Food Boutique.
 33014 | Orc:2    | Found a burning altar of Makhleb.
 33364 | Orc:2    | Offered knowledge of Bolt of Fire by Vehumet.
 33377 | Orc:2    | Learned a level 6 spell: Bolt of Fire
 33645 | Orc:2    | Found Yscher's Food Shoppe.
 33645 | Orc:2    | Found Vacsaux's Distillery.
 33690 | Orc:2    | Bought a potion of brilliance for 52 gold pieces
 33690 | Orc:2    | Bought a potion of brilliance for 52 gold pieces
 33690 | Orc:2    | Bought a potion of heal wounds for 65 gold pieces
 34373 | Orc:2    | Found a roughly hewn altar of Beogh.
 34390 | Orc:2    | Found Ymekater's Assorted Antiques.
 34390 | Orc:2    | Found Gijuig's Food Shop.
 34416 | Orc:2    | Found a staircase to the Elven Halls.
 35614 | D:14     | Found a gate to the Vaults.
 36169 | D:15     | Entered Level 15 of the Dungeon
 36216 | D:15     | Reached XP level 15. HP: 89/89 MP: 34/37
 36433 | D:15     | Reached XP level 16. HP: 95/95 MP: 38/38
 36925 | D:15     | Found a portal to a secret trove of treasure.
 37085 | D:15     | Found a staircase to the Depths.
 37799 | D:14     | Learned a level 5 spell: Venom Bolt
 38618 | D:15     | Found a glowing golden altar of the Shining One.
 38916 | Snake:1  | Entered Level 1 of the Snake Pit
 40368 | Snake:1  | Reached ****** piety under Vehumet
 41344 | Snake:2  | Reached skill level 15 in Conjurations
 41435 | Snake:2  | Offered knowledge of Poison Arrow by Vehumet.
 41456 | Snake:2  | Learned a level 6 spell: Poison Arrow
 41529 | Snake:2  | Noticed Aizul
 41540 | Snake:2  | Killed Aizul
 41542 | Snake:2  | Reached skill level 1 in Poison Magic
 41845 | Snake:2  | Reached skill level 15 in Dodging
 42232 | Snake:2  | Found a sacrificial altar of Ru.
 42374 | Snake:2  | Reached skill level 10 in Fighting
 42474 | Snake:2  | Noticed Louise
 42480 | Snake:2  | Killed Louise
 42480 | Snake:2  | Reached XP level 17. HP: 102/102 MP: 13/40
 44096 | Snake:2  | Found a runed gate.
 44096 | Snake:2  | Found a runed gate.
 44096 | Snake:2  | Found a runed gate.
 44762 | Snake:3  | Found an opulent altar of Gozag.
 45359 | Snake:3  | Noticed Vashnia
 45687 | Snake:4  | Entered Level 4 of the Snake Pit
 47019 | Snake:4  | Offered knowledge of Bolt of Magma by Vehumet.
 48257 | Snake:4  | Reached XP level 18. HP: 108/108 MP: 31/42
 49376 | Snake:4  | Got a serpentine rune of Zot
 49616 | Shoals:1 | Entered Level 1 of the Shoals
 49616 | Shoals:1 | Noticed Roxanne
 50035 | Shoals:1 | Killed Roxanne
 50086 | Shoals:1 | Identified Roxanne's Volume of Stones (You took it off Roxanne on level 1 of the Shoals)
 50095 | Shoals:1 | Learned a level 6 spell: Iron Shot
 50246 | Shoals:1 | Reached skill level 1 in Earth Magic
 51217 | Shoals:2 | Noticed Polyphemus
 51456 | Shoals:3 | Offered knowledge of Orb of Destruction by Vehumet.
 51596 | Shoals:1 | Learned a level 7 spell: Orb of Destruction
 52160 | Shoals:2 | Killed Polyphemus
 52160 | Shoals:2 | Reached skill level 5 in Earth Magic
 53139 | Shoals:4 | Entered Level 4 of the Shoals
 53896 | Shoals:4 | Offered knowledge of Ozocubu's Refrigeration by Vehumet.
 54000 | Shoals:4 | Noticed Ilsuiw
 54006 | Shoals:4 | Reached XP level 19. HP: 108/116 MP: 31/44
 54009 | Shoals:4 | Killed Ilsuiw
 54914 | Shoals:4 | Got a translucent platinum ring
 54944 | Shoals:4 | Identified the ring of Wosewem {Wiz rPois Int+2 SInv} (You found it on level 4 of the Shoals)
 54961 | Shoals:4 | Got a barnacled rune of Zot
 55185 | Vaults:1 | Entered Level 1 of the Vaults
 57115 | Vaults:1 | Noticed Nikola
 57122 | Vaults:1 | Killed Nikola
 57459 | Vaults:1 | You fall through a shaft!
 57901 | Vaults:1 | Offered knowledge of Bolt of Cold by Vehumet.
 58053 | Vaults:1 | Reached skill level 10 in Earth Magic
 58886 | Vaults:2 | Found a staircase to the Crypt.
 61249 | Vaults:3 | Reached XP level 20. HP: 124/124 MP: 41/45
 62321 | Vaults:3 | Offered knowledge of Lehudib's Crystal Spear by Vehumet.
 62321 | Vaults:3 | Offered knowledge of Glaciate by Vehumet.
 62321 | Vaults:3 | Offered knowledge of Ignition by Vehumet.
 62388 | Vaults:3 | Learned a level 8 spell: Ignition
 64185 | Vaults:4 | Reached skill level 1 in Shields
 64309 | Vaults:4 | Found Voommut's Assorted Antiques.
 64319 | Vaults:4 | Bought a potion of curing for 99 gold pieces
 64328 | Vaults:4 | Found Xikhly's Antique Weapon Shop.
 65107 | Vaults:4 | Found Xiaho's Book Emporium.
 65859 | Elf:1    | Entered Level 1 of the Elven Halls
 67456 | Elf:1    | Identified the Catalogue of Toxins and Protection
 67465 | Elf:1    | Learned a level 5 spell: Iskenderun's Battlesphere
 67538 | Elf:2    | Reached skill level 1 in Charms
 67848 | Elf:2    | Reached skill level 15 in Fire Magic
 68355 | Elf:2    | Found a runed gate.
 68355 | Elf:2    | Found a runed gate.
 68355 | Elf:2    | Found a runed gate.
 68431 | Elf:2    | Noticed Donald
 68448 | Elf:2    | Killed Donald
 68691 | Elf:2    | Reached XP level 21. HP: 129/129 MP: 43/46
 69564 | Depths:1 | Entered Level 1 of the Depths
 70238 | Depths:1 | Reached skill level 5 in Charms
 70493 | Depths:1 | Found a gateway to a ziggurat.
 72155 | Depths:1 | Found a gateway to Hell.
 72158 | Depths:1 | Noticed Saint Roka
 72165 | Depths:1 | Killed Saint Roka
 73634 | Depths:2 | Reached XP level 22. HP: 138/138 MP: 44/47
 73728 | Depths:2 | Found a one-way gate leading to the halls of Pandemonium.
 74155 | Depths:2 | Found Afaeduocsoa's Gadget Emporium.
 74394 | Depths:2 | Found Xouchusch's Jewellery Boutique.
 74395 | Depths:2 | Found Voudim's Gadget Emporium.
 75375 | Depths:3 | Noticed a golden dragon
 75377 | Depths:3 | Killed a golden dragon
 75518 | Depths:3 | Noticed a caustic shrike
 75518 | Depths:3 | Noticed a caustic shrike
 75615 | Depths:2 | Killed a caustic shrike
 76062 | Depths:2 | Reached skill level 15 in Fighting
 76554 | Depths:3 | Noticed a caustic shrike
 76557 | Depths:3 | Killed a caustic shrike
 76559 | Depths:3 | Noticed a caustic shrike
 76562 | Depths:3 | Killed a caustic shrike
 76565 | Depths:3 | Killed a caustic shrike
 76837 | Depths:3 | Learned a level 1 spell: Apportation
 76840 | Depths:3 | Learned a level 2 spell: Passwall
 78496 | Depths:4 | Found a one-way gate to the infinite horrors of the Abyss.
 79079 | Depths:4 | Reached XP level 23. HP: 133/146 MP: 30/48
 81655 | Depths:5 | Entered Level 5 of the Depths
 81656 | Depths:5 | Noticed Jorgrun
 81767 | Depths:5 | Noticed Frederick
 81770 | Depths:5 | Killed Frederick
 81800 | Depths:5 | Killed Jorgrun
 82292 | Depths:5 | Noticed Jory
 82313 | Depths:5 | Killed Jory
 82555 | Depths:5 | Noticed Mennas
 83310 | Lair:5   | Found a staircase to the Slime Pits.
 83421 | Slime:1  | Entered Level 1 of the Pits of Slime
 84284 | Slime:3  | Reached XP level 24. HP: 154/154 MP: 48/48
 84324 | Slime:2  | Gained mutation: Armour fits poorly on your strangely shaped body. [a shining eye]
 84710 | Slime:5  | Entered Level 5 of the Pits of Slime
 84778 | Slime:5  | Gained mutation: You are weak. (Str -2) [a shining eye]
 84833 | Slime:5  | Noticed the Royal Jelly
 84839 | Slime:5  | Killed the Royal Jelly
 85275 | Slime:5  | Got a slimy rune of Zot
 85293 | Slime:5  | Identified the ring of Ynniop {Str-5 Int+5 Stlth-} (You found it on level 5 of the Pits of Slime)
 85799 | Depths:5 | Reached skill level 15 in Earth Magic
 85934 | Depths:5 | Killed Mennas
 86021 | Depths:5 | Noticed Boris
 86027 | Depths:5 | Killed Boris
 86595 | Depths:5 | Found a gate to the Realm of Zot.
 87069 | Depths:5 | Upgraded the game from 0.21.1-1-g345015f to 0.21.1-68-g103a7af
 87079 | Depths:5 | Learned a level 8 spell: Lehudib's Crystal Spear
 87145 | Zot:1    | Entered Level 1 of the Realm of Zot
 89887 | Zot:2    | Reached XP level 25. HP: 164/164 MP: 46/48
 90178 | Zot:2    | Slain by a death cob

Skill      XL: |  1  2  3  4  5  6  7  8  9 10 11 12 13 14 15 16 17 18 19 20 21 22 23 24 |
---------------+-------------------------------------------------------------------------+-----
Fire Magic     | 4 5 6 8 9 10 11 12 13 14 15 16 17 18 | 18.3
Spellcasting   | 4 5 6 7 9 11 12 13 14 15 16 17 18 19 | 19.0
Conjurations   | 2 3 4 5 7 8 9 10 11 12 13 15 17 18 19 20 21 22 | 22.1
Fighting       | 3 5 6 7 8 10 11 12 13 14 15 16 18 | 18.5
Dodging        | 5 7 9 11 12 13 15 16 17 18 19 20 21 22 | 22.0
Poison Magic   | 2 4 |  4.0
Earth Magic    | 7 11 13 14 16 | 16.0
Shields        | 2 4 |  4.0
Charms         | 3 6 |  6.0
Stealth        | |  2.4

Action                   |  1- 3 |  4- 6 |  7- 9 | 10-12 | 13-15 | 16-18 | 19-21 | 22-24 | 25-27 || total
-------------------------+-------+-------+-------+-------+-------+-------+-------+-------+-------++-------
Melee: Dagger            |     1 |       |       |       |       |       |       |       |       ||     1
       Spear             |       |       |     5 |     1 |       |       |       |       |       ||     6
       Staff             |       |       |       |       |     4 |       |       |     2 |     2 ||     8
 Cast: Flame Tongue      |    39 |    53 |    90 |    41 |    42 |     6 |       |       |       ||   271
       Throw Flame       |    17 |    46 |   100 |   147 |    54 |     1 |    11 |     9 |       ||   385
       Conjure Flame     |     2 |     1 |    11 |     5 |     2 |       |     5 |     1 |       ||    27
       Sticky Flame      |       |     1 |    16 |    30 |    51 |    16 |     7 |       |       ||   121
       Fireball          |       |       |    28 |   205 |   365 |   520 |   432 |   287 |     1 ||  1838
       Throw Frost       |       |       |       |     8 |     1 |    48 |       |       |       ||    57
       Bolt of Fire      |       |       |       |       |    12 |   160 |    74 |    34 |       ||   280
       Venom Bolt        |       |       |       |       |       |    16 |       |       |       ||    16
       Poison Arrow      |       |       |       |       |       |    36 |     4 |       |       ||    40
       Iron Shot         |       |       |       |       |       |    36 |   117 |   149 |     1 ||   303
       Orb of Destructio |       |       |       |       |       |     7 |    38 |   108 |    14 ||   167
       Iskenderun's Batt |       |       |       |       |       |       |    32 |    95 |       ||   127
       Ignition          |       |       |       |       |       |       |    22 |    71 |       ||    93
       Lehudib's Crystal |       |       |       |       |       |       |       |    12 |       ||    12
Evoke: Wand              |       |       |     6 |    33 |     4 |       |     7 |     5 |       ||    55
       Lightning rod     |       |       |       |       |     3 |    11 |     3 |       |       ||    17
  Use: Scroll            |       |     6 |     4 |     8 |    17 |    10 |    13 |    16 |     1 ||    75
       Potion            |       |       |     1 |     4 |     5 |    12 |     2 |     5 |     2 ||    31
  Eat: Chunk             |     3 |     4 |    15 |    23 |    24 |     9 |    74 |    42 |     3 ||   197
       Ration            |       |     1 |     2 |     5 |     6 |    14 |       |     6 |       ||    34
Armor: Robe              |     2 |     4 |    19 |    16 |    29 |    37 |     7 |    17 |     5 ||   136
Dodge: Dodged            |    13 |     5 |    55 |    71 |   136 |   207 |   125 |   158 |    28 ||   798
Block: Buckler           |       |       |       |       |       |       |     9 |    60 |     7 ||    76
